 Dungeon Crawl Stone Soup version 0.31-a0-1447-g87ca8d402b (webtiles) character file.

Game seed: 2100295600656904280

2539 gruber the Destroyer (level 9, 0/45 HPs)
             Began as a Deep Elf Conjurer on Dec 27, 2023.
             Was a Follower of Vehumet.
             Slain by a wolf (1 damage)
             ... led by Grum
             ... on level 8 of the Dungeon.
             The game lasted 00:08:04 (7609 turns).

gruber the Destroyer (Deep Elf Conjurer)            Turns: 7609, Time: 00:08:05

Health: 0/45       AC:  5    Str: 10    XL:     9   Next: 30%
Magic:  19/21      EV: 15    Int: 28    God:    Vehumet [*.....]
Gold:   277        SH:  0    Dex: 13    Spells: 15/22 levels left

rFire   . . .        w - staff of conjuration
rCold   + . .        (no shield)
rNeg    . . .        v - +2 robe {rC+}
rPois   +            (no helmet)
rElec   .            (no cloak)
rCorr   .            (no gloves)
SInv    .            e - +0 pair of boots
Will    .....        y - amulet of magic regeneration
Stlth   ++           o - ring of poison resistance
HPRegen 0.27/turn    p - +6 ring of strength
MPRegen 0.57/turn

%: no passive effects
@: no status effects
A: no striking features
a: Renounce Religion


You were on level 8 of the Dungeon.
You worshipped Vehumet.
Vehumet was aware of your devotion.
You visited 2 branches of the dungeon, and saw 9 of its levels.

You collected 277 gold pieces.

Inventory:

Armour
 e - a +0 pair of boots (worn)
 v - a +2 robe of cold resistance (worn)
Magical Staves
 w - a staff of conjuration (weapon)
Jewellery
 o - a ring of poison resistance (left hand)
 p - a +6 ring of strength (right hand)
 y - an amulet of magic regeneration (around neck)
Wands
 a - a wand of iceblast (10)
 t - a wand of flame (20)
 A - a wand of polymorph (8)
Scrolls
 c - a scroll of poison {unknown}
 f - a scroll of revelation {unknown}
 h - 6 scrolls of identify {unknown}
 i - a scroll of enchant weapon {unknown}
 l - a scroll of fog {unknown}
 m - a scroll of enchant armour {unknown}
 q - 2 scrolls of teleportation {unknown}
 u - a scroll of amnesia {unknown}
 x - a scroll of butterflies {unknown}
Potions
 b - 2 potions of magic
 d - 2 potions of might {unknown}
 g - a potion of heal wounds
 j - 4 potions of curing {unknown}
 k - a potion of brilliance {unknown}
 n - a potion of enlightenment {unknown}
 r - a potion of berserk rage {unknown}
 s - a potion of ambrosia {unknown}
 z - a potion of cancellation {unknown}


   Skills:
 - Level 7.1 Dodging
 - Level 2.4 Stealth
 - Level 7.0 Spellcasting
 * Level 12.0 Conjurations


You had 15 spell levels left.
You knew the following spells:

 Your Spells              Type           Power      Damage    Failure   Level
a - Magic Dart            Conj           100%       1d8       1%          1
b - Searing Ray           Conj           100%       2d8       1%          2
c - Iskenderun's Mystic   Conj/Tloc      60%        2d13      4%          4

Your spell library contained the following spells:

 Spells                   Type           Power      Damage    Failure   Level
 Sting                    Conj/Alch      100%       1d9       1%          1
 Kiss of Death            Conj/Necr      100%       2d13      1%          1
 Momentum Strike          Conj/Tloc      100%       3d10      1%          2
 Stone Arrow              Conj/Erth      100%       3d13      1%          3
 Fulminant Prism          Conj/Alch      30%        3d16      4%          4
 Blink                    Tloc           18%        N/A       9%          2
 Lesser Beckoning         Tloc           18%        N/A       9%          2
 Call Canine Familiar     Summ           9%         N/A       16%         3
 Confusing Touch          Hex            9%         N/A       16%         3
 Sigil of Binding         Hex            9%         N/A       16%         3
 Tukima's Dance           Hex            9%         N/A       16%         3
 Animate Armour           Summ/Erth      18%        N/A       47%         4
 Dimensional Bullseye     Hex/Tloc       4%         N/A       47%         4
 Dispel Undead            Necr           9%         3d8       47%         4
 Lehudib's Crystal Spear  Conj/Erth      30%        10d8      100%        8


Dungeon Overview and Level Annotations

Branches:
Dungeon (8/15)             Temple (1/1) D:4
   Lair: D:8-11

Altars:
Cheibriados
Dithmenos
Elyvilon
Fedhas
Hepliaklqana
Makhleb
Nemelex Xobeh
Okawaru
Qazlal
Ru
Sif Muna
Trog
Uskayaw
Vehumet
Wu Jian
Xom
Yredelemnul
Zin
The Shining One

Shops:
D:2 *   D:4 *   D:5 ?   D:8 ((

Annotations:
D:8 3 runed translucent doors, Grum; PanSaczeczos's ghost, novice MfBe


Message History

Grum the Hunter comes into view.
He is wielding a -2 halberd.
Casting: Searing Ray (safe; 1% risk of failure)
Confirm with . or Enter, or press ? or * to list all spells.
You don't know that spell.
A wolf comes into view.
Found a scroll labelled XABEAM SIWIQIT and a jewelled glass wand.
Found a white marble altar of Elyvilon.
The wolf howls! x2
Casting: Searing Ray (safe; 1% risk of failure)
Confirm with . or Enter, or press ? or * to list all spells.
Aiming: Searing Ray (safe; 1% risk of failure)
Press: ? - help, Shift-Dir - straight line, f - Grum
Aim: Grum, wielding a -2 halberd and wearing a +0 animal skin (85% to hit)
You feel a surge of power!
The searing ray hits Grum!
Grum is moderately wounded. (Press . to maintain the ray.) Unknown command.
Unknown command.
The searing ray hits the wolf.
The wolf is moderately wounded.
The searing ray hits Grum but does no damage.
Grum is moderately wounded.
The wolf closely misses you.
The searing ray hits Grum.
Grum is moderately wounded.
The wolf closely misses you. The wolf bites you. x2
Grum hits you from afar with a -2 halberd!
The searing ray hits the wolf.
The wolf is lightly wounded.
The searing ray hits Grum.
Grum is heavily wounded.
You finish channelling your searing ray.
The wolf completely misses you. The wolf misses you.
Grum hits you from afar with a -2 halberd!!
Ouch! That really hurt!
* * * LOW HITPOINT WARNING * * *
Unknown command.
Unknown command.
The wolf bites you.
You die...

## ... ##.# #...#
../..# .....g###
.._.?..h# #h# ..
##@# ###### ...
#..#
#....######.###.##
#.##†#......#...#
#.##.#.##...###.#
.>##.#....^.....#
#.##.####..#....#
#.##.)).#..#..#.#
#.#####)#.......#


You could see Grum and 2 wolves.

Vanquished Creatures
  A steam dragon (D:8)
  A water moccasin (D:5)
  An orc warrior (D:7)
  An ice beast (D:7)
  2 centaurs
  A wolf (D:8)
  2 phantoms (D:5)
  2 kobold brigands
  A weeping skull (D:8)
  5 bullfrogs
  6 scorpions
  A howler monkey (D:8)
  A crimson imp (D:7)
  A bombardier beetle (D:4)
  A hound (D:5)
  A jelly (D:5)
  3 gnoll boudas
  An orc priest (D:4)
  3 iguanas
  3 orc wizards (D:7)
  Terence (D:2)
  8 adders
  21 gnolls
  A white imp (D:6)
  2 ufetubi (D:5)
  A worm (D:3)
  16 orcs
  14 ball pythons
  8 bats
  7 endoplasms
  6 goblins
  6 hobgoblins
  2 jackals (D:3)
  4 quokkas
  2 frilled lizards
  13 kobolds
  2 rats
  A spectral orc (D:8)
153 creatures vanquished.

Notes
Turn   | Place    | Note
-------+----------+-------------------------------------------
     0 | D:1      | gruber the Deep Elf Conjurer began the quest for the Orb.
     0 | D:1      | Reached XP level 1. HP: 10/10 MP: 6/6
   137 | D:1      | Reached XP level 2. HP: 15/15 MP: 5/8
   193 | D:1      | Reached skill level 5 in Conjurations
   220 | D:1      | Found a faded altar of an unknown god.
   685 | D:2      | Reached XP level 3. HP: 19/19 MP: 4/9
   812 | D:2      | Learned a level 2 spell: Searing Ray
   834 | D:2      | Noticed Terence
   842 | D:2      | Killed Terence
   843 | D:2      | Reached skill level 6 in Conjurations
   936 | D:2      | Reached XP level 4. HP: 24/24 MP: 3/10
  1005 | D:2      | Found Mirih's General Store.
  2715 | D:3      | Learned a level 4 spell: Iskenderun's Mystic Blast
  2755 | D:4      | Noticed a kobold brigand
  2762 | D:4      | Killed a kobold brigand
  2762 | D:4      | HP: 1/24 [poisoned by a kobold brigand]
  2763 | D:4      | Reached skill level 7 in Conjurations
  2763 | D:4      | Reached XP level 5. HP: 1/28 MP: 1/12
  3238 | D:4      | Reached XP level 6. HP: 32/32 MP: 9/14
  3414 | D:4      | Reached skill level 8 in Conjurations
  3554 | D:4      | Found Ojugin's General Store.
  3571 | D:4      | Reached skill level 5 in Spellcasting
  3757 | D:4      | Reached XP level 7. HP: 33/36 MP: 9/17
  3948 | D:4      | Found a staircase to the Ecumenical Temple.
  4018 | Temple   | Entered the Ecumenical Temple
  4037 | Temple   | Became a worshipper of Vehumet
  4083 | D:5      | Entered Level 5 of the Dungeon
  4208 | D:5      | Reached skill level 9 in Conjurations
  4573 | D:5      | Reached XP level 8. HP: 41/41 MP: 14/20
  4910 | D:5      | Found Noacoulumm's Magic Scroll Shop.
  4942 | D:5      | Reached skill level 10 in Conjurations
  5619 | D:6      | Found a sparkling altar of Nemelex Xobeh.
  5620 | D:6      | Found a glowing golden altar of the Shining One.
  5638 | D:6      | Found a hide-covered altar of Uskayaw.
  5696 | D:6      | Found a blossoming altar of Fedhas.
  5784 | D:6      | Reached skill level 5 in Dodging
  6092 | D:7      | Reached * piety under Vehumet
  6092 | D:7      | Offered knowledge of Sting by Vehumet.
  6402 | D:7      | Found a burning altar of Makhleb.
  6438 | D:7      | Found a hazy altar of Hepliaklqana.
  6868 | D:7      | Reached XP level 9. HP: 28/45 MP: 15/21
  7211 | D:8      | Found a runed translucent gate.
  7211 | D:8      | Found a runed translucent gate.
  7211 | D:8      | Found a runed translucent gate.
  7212 | D:8      | Noticed PanSaczeczos's ghost (novice MfBe)
  7225 | D:8      | Reached skill level 11 in Conjurations
  7232 | D:8      | Found an iron altar of Okawaru.
  7268 | D:8      | Found Pioq's Weapon Boutique.
  7384 | D:8      | Found a basalt altar of Yredelemnul.
  7436 | D:8      | Found a stormy altar of Qazlal.
  7443 | D:8      | Found Ivvyff's Weapon Shop.
  7512 | D:8      | Reached skill level 12 in Conjurations
  7603 | D:8      | Noticed Grum
  7604 | D:8      | Found a white marble altar of Elyvilon.
  7608 | D:8      | HP: 1/45 [Grum/-2 halberd (24)]
  7609 | D:8      | Slain by a wolf

Illustrated notes

Levels and vault maps discovered:
D:1:      dpeg_arrival_pits, layout_rooms, hellmonk_ecumenical_altar_zigzags
D:2:      layout_basic, serial_shops, nicolae_shop_peninsula,
          serial_bayou_pond_e, uniq_terence
D:3:      layout_basic
D:4:      layout_cave_pools, minmay_temple_entry_antechambers, serial_shops,
          shop, roderic_serpentine_path
D:5:      minmay_evil_eye, layout_gridville, serial_shops, shop
D:6:      layout_basic, mainiacjoe_overflow_six_doors_small,
          chequers_temple_overflow_statue_of_worship,
          mainiacjoe_overflow_alcove_4
D:7:      layout_basic, mainiacjoe_overflow_chevrons, makhleb_grotto_becter,
          enter_bailey_4, serial_park_tiny_2
D:8:      layout_basic, grunt_qazlal_clouds, lemuel_round_altar,
          yredelemnul_forgotten_temple_becter, okawaru_ov_weapons_minmay,
          serial_shops, shop, nicolae_shop_back_alley_shop, shop,
          nicolae_shop_real_fake_doors, nicolae_square_shop,
          gammafunk_ghost_necromancy, uniq_grum
Temple:   chequers_temple_sunken

Skill      XL: |  1  2  3  4  5  6  7  8  9 |
---------------+----------------------------+-----
Conjurations   | 5 6 7 8 9 10 12 | 12.0
Spellcasting   | 4 5 7 |  7.0
Dodging        | 7 |  7.1
Stealth        | |  2.4

Action                     |  1- 3 |  4- 6 |  7- 9 || total
---------------------------+-------+-------+-------++-------
   Cast: Magic Dart        |    53 |    73 |    80 ||   206
         Searing Ray       |     1 |    16 |    44 ||    61
         Iskenderun's Myst |       |       |     2 ||     2
  Evoke: Wand              |       |       |     5 ||     5
    Use: Potion            |       |     1 |       ||     1
 Armour: Robe              |     1 |     6 |    61 ||    68
  Dodge: Dodged            |     1 |    13 |    69 ||    83

Table legend: (Time is in decaauts)
 A = Elapsed time spent in this place.
 B = Non-inter-level travel time spent in this place.
 C = Inter-level travel time spent in this place.
 D = Time resting spent in this place.
 E = Time spent auto-exploring this place.
 F = Levels seen in this place.
 G = Mean time per level.
                   A        B        C        D        E       F      G
               +--------+--------+--------+--------+--------+-----+--------+
         Total |   7612 |   7277 |    335 |    103 |   6281 |   9 |  845.8 |
       Dungeon |   7572 |   7276 |    296 |    103 |   6281 |   8 |  946.5 |
        Temple |     40 |      1 |     39 |      0 |      0 |   1 |   40.0 |
               +--------+--------+--------+--------+--------+-----+--------+

Top non-repeatable levels by time:
     D:3: 1404 daAuts
     D:4: 1215 daAuts
     D:5: 1148 daAuts
     D:7: 1115 daAuts
     D:6: 833 daAuts
     D:2: 743 daAuts
     D:1: 679 daAuts
     D:8: 431 daAuts
  Temple: 40 daAuts
